[Event "2nd Serbia Open Masters 2022"]
[Site "Novi Sad"]
[Date "2022.06.29"]
[Round "2.25"]
[White "Bronstein, Or"]
[Black "Fataliyeva, Ulviyya"]
[Result "0-1"]
[ECO "D27"]
[WhiteElo "2492"]
[BlackElo "2348"]
[Annotator "TA"]
[PlyCount "176"]
[EventDate "2022.06.28"]
[EventType "swiss"]
[EventCountry "SRB"]
[SourceTitle "playchess.com"]
[Source "ChessBase"]
[SourceQuality "1"]
[TimeControl "40/5400+30:900+30"]

1. d4 d5 2. c4 dxc4 3. Nf3 Nf6 4. e3 e6 5. Bxc4 c5 6. O-O a6 7. Be2 {[%emt 0:12:17] D27: Queen's Gambit Accepted: Classical main line: 7 e4!? and 7 a4.} Nbd7 8. Nbd2 Be7 9. b3 {[%emt 0:02:21] White has an edge.} O-O (9... b6 {keeps more tension.} 10. Ne5 Bb7 11. Bf3 Qc7) 10. Bb2 cxd4 (10... b6 $11 {was preferrable.}) 11. Nxd4 $14 Nc5 12. Nc4 {[%emt 0:04:31] [#]} Qc7 $146 ({Predecessor:} 12... Nd5 13. Ne5 f6 14. Nd3 e5 15. Nxc5 Bxc5 16. Nf3 Be6 17. Bc4 b5 18. Bxd5 Qxd5 19. Qxd5 Bxd5 {0-1 (44) Fahed,A (2016)-Tayeb,S (2228) Dubai 1999}) 13. Rc1 Rd8 14. Qc2 Bd7 (14... b5 $14 {feels stronger.}) 15. Nf3 {[%emt 0:01:47] Strongly threatening Nce5.} Bb5 16. Be5 Qc6 17. Qb2 Bxc4 18. Rxc4 b5 19. Rcc1 Qe4 20. Bd4 Nd3 21. Bxd3 Qxd3 22. Ne5 $1 Qf5 23. Nc6 Re8 24. Nxe7+ Rxe7 25. Rc5 Qg6 26. Rfc1 Ree8 27. h4 {[%emt 0:01:45] Threatens to win with Rg5.} h6 {[%emt 0:01:08] Prevents Rg5.} 28. Qe2 Qg4 (28... Ne4 $14) 29. Qxg4 $16 Nxg4 30. Kf1 e5 31. Bb2 Rad8 32. Bc3 Rc8 33. Ba1 Rxc5 34. Rxc5 {[%emt 0:00:02][%mdl 4096] Endgame KRB-KRN} f6 35. h5 e4 36. Ke2 Re6 37. Bd4 Ne5 38. Rc8+ Kh7 39. Rc7 Kg8 (39... Nc6 $14) 40. f3 exf3+ 41. gxf3 g6 (41... g5 $16) 42. hxg6 ({White should try} 42. f4 $1 $18 ) 42... Nxg6 43. Kf2 $1 Ne7 44. e4 {[%emt 0:05:16][%cal Od4f6] Against Nf5} Nc6 45. Be3 h5 46. Bc5 Ne5 47. Bd4 (47. f4 $1 $16 Rc6 48. Rxc6 Nxc6 49. f5) 47... h4 $11 48. f4 Ng4+ 49. Kf3 Nh2+ 50. Kg2 {[%emt 0:01:11] aiming for e5.} Ng4 {[%emt 0:01:12] Inhibits e5.} (50... Rxe4 51. Bxf6 Re2+ 52. Kh3 $16) 51. Rc8+ Kf7 52. Kf3 Nh2+ 53. Ke3 Ng4+ (53... f5 $5 54. e5 Ng4+ 55. Kf3 Rg6 $11) 54. Kf3 $1 Nh2+ 55. Ke3 Ng4+ 56. Kd3 $2 (56. Kf3 $1 $11 Nh2+) 56... h3 $1 $17 57. Rh8 {[%emt 0:00:01] And now Rh7+ would win.} f5 $2 (57... h2 58. Rh7+ Ke8 59. f5) (57... Rd6 $19 {White must now prevent ...h2.} 58. Rh7+ Kg6) 58. exf5 $2 (58. Rh7+ $11 Kg6 59. exf5+ (59. Rxh3 fxe4+ 60. Ke2 Rd6 $15) 59... Kxh7 60. fxe6) 58... Rh6 $19 59. Rxh6 Nxh6 {[%emt 0:00:01] KB-KN} 60. Bg1 Ng4 $2 (60... b4 $1 $19 61. Ke3 Ng4+ 62. Kf3 h2 63. Bxh2 Nxh2+ 64. Kg3 Nf1+ 65. Kf3 Nd2+ 66. Ke3 Nb1) 61. Ke4 $2 (61. a3 $11) 61... b4 $1 {[%emt 0:00:19] ( -> ...a5)} ({Worse is} 61... h2 62. Bxh2 Nxh2 63. Kd5 $11) 62. Kf3 h2 63. Bxh2 Nxh2+ {[%emt 0:00:01] KN-KP} 64. Ke2 a5 65. Kd3 Kf6 66. Kc4 Nf1 67. Kb5 Ne3 68. Kxa5 Nc2 $1 69. Kb5 Kxf5 70. Kc4 Kxf4 {[%emt 0:00:57] KN-KPP} 71. Kd3 {[%emt 0:00:10] [#]} Na3 $1 72. Kd4 Kf3 73. Kd3 Kf4 74. Kd4 Kf5 {[%emt 0:00:01] Black mates.} 75. Ke3 Ke5 76. Kd3 Kd5 77. Ke3 Nb5 78. Kd3 Kc5 79. Kc2 {[%emt 0:00:44] [#]} Kd4 $1 80. Kb2 Kd3 81. Kc1 Kc3 82. Kb1 Nd4 83. Kc1 {[%emt 0:00:43] [#]} Nxb3+ $1 84. Kb1 (84. Kd1 Na5) 84... Nd2+ 85. Kc1 Nc4 86. Kb1 Kd2 87. Ka1 Kc2 88. a3 b3 {[%emt 0:00:08] Weighted Error Value: White=0.37/Black=0.22 (precise)} 0-1

[Event "2nd Serbia Open Masters 2022"]
[Site "Novi Sad"]
[Date "2022.06.29"]
[Round "2.26"]
[White "Anuj Shrivatri"]
[Black "Janzelj, Tim"]
[Result "1-0"]
[ECO "D35"]
[WhiteElo "2356"]
[BlackElo "2470"]
[Annotator "TA"]
[PlyCount "141"]
[EventDate "2022.06.28"]
[EventType "swiss"]
[EventCountry "SRB"]
[SourceTitle "playchess.com"]
[Source "ChessBase"]
[SourceQuality "1"]
[TimeControl "40/5400+30:900+30"]

1. c4 e6 2. Nc3 d5 3. d4 Nf6 4. cxd5 exd5 5. Bg5 Be7 6. e3 c6 7. Bd3 Nbd7 {[%emt 0:00:16] The main line 7...Nbd7 scores better than 7...0-0.} 8. Nf3 h6 9. Bf4 Nh5 {[%emt 0:03:13] D35: Queen's Gambit Declined: Exchange Variation.} 10. Be5 Nxe5 11. Nxe5 Nf6 {[%emt 0:00:11] The position is equal.} 12. O-O O-O 13. Kh1 {[%emt 0:02:44] [#]} c5 $146 ({Predecessor:} 13... Bd6 14. f4 Re8 15. Rc1 Nd7 16. Qh5 Qe7 17. Rf3 Nf6 18. Qh4 Ne4 19. Qxe7 Rxe7 20. Bxe4 dxe4 21. Nxe4 Bxe5 22. fxe5 {0-1 (126) Leviczki,T (2114)-Kaman,A (2213) Hungary 2001}) 14. dxc5 Bxc5 15. Rc1 Qe7 16. Nf3 Bg4 17. Be2 Rfd8 18. Nd4 Bxe2 19. Ncxe2 Ne4 20. Kg1 Rac8 21. Qd3 Qf6 22. Rc2 Bb6 23. Rxc8 Rxc8 24. Qb5 Rd8 25. Nf3 a6 26. Qb4 Rc8 27. Qb3 {[%emt 0:01:11] Against Rc2} (27. Nf4 $5 Rc4 28. Qb3 $14) 27... Rc5 28. a4 {[%emt 0:05:00] Prevents Rb5.} Rc4 29. a5 Bxa5 30. Qxb7 Qc6 31. Qa7 {[%emt 0:01:25] Hoping for Ne5.} Bc7 {[%emt 0:04:44] Inhibits Ne5.} (31... Qc8 $11 {remains equal.}) 32. Ned4 $16 Qd6 33. Nf5 $1 Qe6 34. Qa8+ Kh7 35. N3d4 Qd7 (35... Qe5 $2 36. f4 Qf6 37. Qxd5 $18) (35... Qf6 $16) 36. Qf8 (36. Qxa6 Be5 $14) 36... Be5 (36... f6 {keeps fighting.} 37. Ne7 Qd8) 37. Ne7 $18 {[%emt 0:00:09][%csl Ge7][%cal Rf8g8] Pair of Knights!} Nf6 {[%emt 0:00:14] [#] Prevents Qg8+.} 38. Ndf5 Rg4 39. f4 $2 (39. h3 $18 Rg5 40. Qxf7) 39... Bd6 $16 {[%emt 0:00:00] aiming for ...Bxe7.} 40. Nxd6 {[%emt 0:00:00] Chess con chili. White is much more active.} ({Much weaker is} 40. Qxf7 $6 Bxe7 41. Nxe7 h5 $14) 40... Qxd6 41. h3 (41. Qxf7 $14 Qb6 42. Nf5 (42. Nxd5 Nxd5 43. Qf5+ Rg6 $11)) 41... Rg3 $11 42. Qxf7 Qd7 {[%emt 0:00:42] Prevents Nf5.} 43. Kh2 Rxe3 44. Qg6+ Kh8 45. Nf5 Re6 46. Nd4 $40 {[%emt 0:01:40][%mdl 128] Black needs to defend precisely.} Qe8 47. Qf5 Re4 {[%emt 0:00:13] [#]} (47... Re1 $11 48. Rxe1 Qxe1) 48. Rc1 $1 $14 {[%emt 0:00:31] Threatens to win with Rc8.} Qf7 (48... Rxd4 $2 49. Rc8 Qg8 50. Rxg8+ Nxg8 51. Qf8 $18) (48... Qa4 49. Nf3) 49. Rc8+ Re8 50. Rc6 Qa7 {[%emt 0:05:03] [#] Black is on the road to losing.} (50... a5 $14) 51. Ne6 $1 $18 Qf7 52. Rxa6 Qh5 $2 (52... Rg8 53. Qe5 Re8) 53. Nxg7 {[%emt 0:00:38] White is clearly winning.} Ng4+ (53... Qxf5 $142 54. Nxf5 Rf8) 54. Qxg4 Qxg4 55. hxg4 Kxg7 {[%emt 0:00:01][%mdl 4096] Endgame KR-KR} 56. Rd6 Re4 57. Kg3 {[%emt 0:00:39] Strongly threatening b4.} Rd4 58. b4 Rd3+ 59. Kf2 Rd2+ 60. Kf3 Rd3+ 61. Ke2 Rd4 62. Ke3 Rxb4 63. Rxd5 Rb3+ 64. Rd3 Rb2 65. Kf3 Rb4 66. Kg3 Ra4 67. Rd5 Kg6 68. g5 Ra3+ 69. Kh4 {[%emt 0:00:07] White threatens f5+ and mate.} Ra4 70. Rd6+ Kf7 71. g3 {[%emt 0:01:07] Weighted Error Value: White=0.22 (precise) /Black=0.37} (71. gxh6 $142 Rxf4+ 72. g4) 1-0

[Event "2nd Serbia Open Masters 2022"]
[Site "Novi Sad"]
[Date "2022.06.29"]
[Round "2.27"]
[White "Chanda, Sandipan"]
[Black "Karacsonyi, Gellert"]
[Result "0-1"]
[ECO "D04"]
[WhiteElo "2467"]
[BlackElo "2338"]
[Annotator "TA"]
[PlyCount "70"]
[EventDate "2022.06.28"]
[EventType "swiss"]
[EventCountry "SRB"]
[SourceTitle "playchess.com"]
[Source "ChessBase"]
[SourceQuality "1"]
[TimeControl "40/5400+30:900+30"]

1. d4 Nf6 2. Nf3 d5 3. e3 c5 4. Nbd2 cxd4 5. exd4 Nc6 6. Bb5 {[%emt 0:04:53] D04: Colle System.} Bg4 7. h3 Bxf3 {[%emt 0:02:34] [#]} 8. Bxc6+ $146 {[%emt 0:00:34] The position is equal.} ({Reject} 8. gxf3 Qb6 9. Qe2 Qxd4 $15) ({Predecessor:} 8. Nxf3 e6 9. O-O Rc8 10. c3 Bd6 11. Bd3 O-O 12. Bg5 h6 13. Bh4 e5 14. dxe5 Nxe5 15. Nxe5 Bxe5 {½-½ (61) Kovalenko,I (2643)-Ostrovskiy,A (2431) Chess.com INT 2021}) 8... bxc6 9. Nxf3 e6 10. O-O Be7 11. Be3 O-O 12. Qd3 Qb6 13. a4 c5 14. a5 Qc7 15. dxc5 Bxc5 16. Bxc5 Qxc5 17. c3 Ne4 18. Qd4 Rab8 19. Ra2 Rfc8 20. Rd1 f6 21. Ne1 Rb5 {[%emt 0:05:29] Black is more active.} 22. a6 Qxd4 23. Rxd4 Nc5 24. Nc2 Rb6 25. Nb4 Rd8 26. Nd3 $2 {[%emt 0:04:09][%mdl 8192] [#] This costs White the game.} ({Better is} 26. f3 $15) 26... e5 $19 ({And not} 26... Nxa6 27. Rda4 Rdd6 28. f4 $11) ({Weaker is} 26... Rxa6 27. Rxa6 Nxa6 28. Ra4 $11) 27. Nxc5 exd4 28. cxd4 {[%emt 0:00:14][%mdl 4096] Endgame KRR-KRN} Rb4 29. Ne6 Rd6 30. Nc7 (30. Nc5 {was forced.}) 30... Rd7 31. Ne6 Re7 32. Nd8 Rxd4 {[%emt 0:01:05] Black is clearly winning.} 33. b3 (33. Ra3 $142) 33... Rd1+ 34. Kh2 d4 {[%emt 0:00:34][%cal Bd5d4,Bd4d3][%mdl 32] [#] Strongly threatening ...d3.} 35. b4 d3 {[%emt 0:01:29] Weighted Error Value: White=0.55/Black=0.09 (flawless)} 0-1

[Event "2nd Serbia Open Masters 2022"]
[Site "Novi Sad"]
[Date "2022.06.29"]
[Round "2.28"]
[White "Palczert, Matyas"]
[Black "Parkhov, Yair"]
[Result "1/2-1/2"]
[ECO "B99"]
[WhiteElo "2353"]
[BlackElo "2460"]
[Annotator "TA"]
[PlyCount "79"]
[EventDate "2022.06.28"]
[EventType "swiss"]
[EventCountry "SRB"]
[SourceTitle "playchess.com"]
[Source "ChessBase"]
[SourceQuality "1"]
[TimeControl "40/5400+30:900+30"]

1. e4 c5 2. Nf3 d6 3. d4 cxd4 4. Nxd4 Nf6 5. Nc3 a6 6. Bg5 e6 7. f4 Be7 8. Qf3 h6 9. Bh4 Nbd7 10. O-O-O Qc7 {[%emt 0:01:55] 10...g5 is the hot move.} 11. Be2 b5 (11... Nxe4 $2 12. Nxe4 (12. Nxe6 fxe6 13. Nxe4 d5 $16) 12... Bxh4 {[#]} 13. Nxe6 $1 fxe6 14. Qh5+ Kf8 15. Nxd6 $18 (15. Qxh4 d5 $16)) 12. Bxf6 {[%emt 0:06:36] B99: Sicilian Najdorf: 6 Bg5 e6 7 f4 Be7 8 Qf3 Qc7 9 0-0-0 Nbd7.} Nxf6 (12... Bxf6 $2 13. e5 dxe5 14. Ndxb5 (14. Qxa8 exd4 15. Ne4 O-O $17) 14... axb5 15. Qxa8 $18) 13. e5 $1 Bb7 14. Qg3 dxe5 15. fxe5 {[%emt 0:00:42] Ndxb5 is the strong threat.} Ne4 {[%emt 0:00:10] [#]} 16. Nxe6 $1 Qxc3 17. Nxg7+ ({But not} 17. Qxc3 Bg5+ 18. Nxg5 Nxc3 19. bxc3 hxg5 $11) (17. Qxg7 $2 Ba3 18. Rd8+ Ke7 19. Rd7+ Kxd7 $19) 17... Kf8 18. Ne6+ $1 Ke8 19. Qxc3 {[%emt 0:00:46][%mdl 64] Remove Defender. Really sharp!} Nxc3 20. Nc7+ Kf8 21. bxc3 Rc8 22. Nd5 ({Not} 22. Rd7 Bc6 23. Rxe7 Kxe7 24. Nxa6 Bxg2 $17) 22... Ba3+ {[%emt 0:00:15] This bishop pair is nice.} 23. Kb1 Bxd5 24. Rxd5 Rg8 {[%emt 0:00:06] [#]} 25. g3 $146 ({Predecessor:} 25. Bf3 Rxc3 26. Rhd1 Rc4 27. R1d3 Rb4+ 28. Rb3 Ke7 29. c3 Ra4 30. Rd4 Ra5 31. c4 bxc4 32. Rxc4 {½-½ (50) Ferreira,J (2298)-Gunkel,W (2314) ICCF email 2012}) 25... Rg5 26. Bd3 Rxc3 27. Rf1 Rg4 28. Rf4 Rxf4 29. gxf4 $14 {[%emt 0:00:20][%mdl 4096] Endgame KRB-KRB} Ke7 {[%emt 0:00:39] Inhibits Rd8.} 30. Rd4 Rc8 31. c4 Bc5 32. Re4 Rd8 33. Kc2 Rd4 34. cxb5 {[%emt 0:01:15] Strongly threatening Rxd4.} Rxe4 35. Bxe4 axb5 {[%emt 0:00:04] KB-KB} 36. Kd3 {[%emt 0:01:17] Prevents Be3.} f6 37. Bc6 b4 38. Ke4 fxe5 39. Kxe5 Be3 40. f5 {[%emt 0:00:00] Weighted Error Value: White=0.02 (flawless) /Black=0.04 (flawless)} 1/2-1/2

[Event "2nd Serbia Open Masters 2022"]
[Site "Novi Sad"]
[Date "2022.06.29"]
[Round "2.29"]
[White "Pranav Anand"]
[Black "Hristodoulou, Panagiotis"]
[Result "1/2-1/2"]
[ECO "C11"]
[WhiteElo "2479"]
[BlackElo "2328"]
[Annotator "TA"]
[PlyCount "128"]
[EventDate "2022.06.28"]
[EventType "swiss"]
[EventCountry "SRB"]
[SourceTitle "playchess.com"]
[Source "ChessBase"]
[SourceQuality "1"]
[TimeControl "40/5400+30:900+30"]

1. e4 e6 2. d4 d5 3. Nc3 Nf6 4. e5 Nfd7 5. f4 c5 6. Nf3 Nc6 7. Be3 cxd4 8. Nxd4 Bc5 9. Qd2 O-O 10. O-O-O Bxd4 {[%emt 0:00:08] C11: French: Classical System: 4 e5 and 4 Bg5 dxe4.} 11. Bxd4 Qa5 12. Kb1 Rb8 {[%emt 0:00:43] White is slightly better.} 13. Bf2 b5 14. Bd3 b4 (14... d4 15. Ne4 $16) 15. Ne2 Ba6 16. Nd4 Nxd4 17. Bxd4 Rfc8 18. g4 {[%emt 0:08:12] [#]} (18. b3 {keeps more tension.} Nc5 19. g4 Rb7 20. Rc1) 18... Bxd3 $146 {[%emt 0:13:17][%mdl 128] Black has some attack.} ({Predecessor:} 18... Nc5 19. f5 Na4 20. Ka1 Bc4 21. f6 Nc5 22. Bxc4 Ne4 23. Qf4 Rxc4 24. fxg7 Nc3 {0-1 (24) Matsuura,E (2497)-Garcia Palermo,C (2390) Caioba 2018}) 19. cxd3 Qb5 20. b3 a5 21. f5 a4 22. Rc1 axb3 23. axb3 (23. Rxc8+ $11 Rxc8 24. axb3) 23... Nc5 $17 24. Bxc5 ({Much weaker is} 24. Qc2 Ra8 $1 25. Rhd1 (25. Bxc5 Ra3 $17) (25. fxe6 $2 Qa6 $19) 25... Rc7 $1 26. Bxc5 Qa5 $17) 24... Rxc5 25. Rxc5 (25. Kb2 $17) 25... Qxc5 {[%emt 0:00:05][%mdl 4096] Endgame KQR-KQR} 26. d4 Qa7 27. f6 $2 (27. fxe6 $17 {is a better defense.} fxe6 28. Rf1) 27... Ra8 28. Qb2 {[%emt 0:00:09] Inhibits Qa1+.} Qa6 29. Rd1 {[%emt 0:03:49] Inhibits Qd3+.} h6 30. h4 Rc8 31. h5 $2 (31. Qa2 Qxa2+ 32. Kxa2) 31... Rc3 $19 32. Qa2 Qb5 33. Qa8+ (33. fxg7 {was worth a try.} Kxg7 34. Ka1) 33... Kh7 {[%emt 0:00:03] ( -> ...Qe2)} 34. Qa2 {[%emt 0:00:07] Inhibits Qe2.} gxf6 35. exf6 Qb8 (35... Qb6 $142 {...Qc7 is the strong threat.} 36. Qb2 Qa7) 36. Rc1 Rxc1+ 37. Kxc1 {[%emt 0:00:00] KQ-KQ} Qf4+ 38. Qd2 Qxg4 ({Not} 38... Qxf6 39. Qxb4 Qf3 40. Qf8 $17) 39. Qxb4 (39. Qc2+ {keeps fighting.} Kh8 40. Qc8+ Qg8 41. Qc5) 39... Qxh5 40. Qd2 Kg6 {[%emt 0:00:00] Hoping for ...Qg5.} 41. b4 Kxf6 $2 (41... Qf3 $19 {And now ...Qb3 would win.} 42. Kb2 Qf1 43. Qc2+ Kxf6) 42. b5 $11 Ke7 {[%emt 0:07:02] aiming for ...Qg5.} 43. Kb2 Qf3 44. Qh2 {[%emt 0:00:26] Against Qg3. Black must now prevent b6.} Qd3 45. Qc7+ Ke8 46. Qc8+ Ke7 47. Qc7+ Ke8 48. b6 Qb5+ $1 (48... Qxd4+ $2 49. Ka3 e5 50. b7 Qa1+ 51. Kb3 Qb1+ 52. Ka4 Qa2+ 53. Kb5 Qb3+ 54. Ka6 Qd3+ 55. Kb6 Qb3+ 56. Ka5 Qa2+ 57. Kb5 Qb1+ 58. Ka6 Qd3+ 59. Kb6 Qb3+ 60. Ka6 Qd3+ $18) 49. Kc3 {[%emt 0:00:14] Intending b7 and mate.} Qd7 $2 {[%emt 0:00:33][%mdl 8192] [#]} (49... Qa5+ $11 50. Kd3 Qe1) 50. Qb8+ $1 $18 Qd8 51. Qa7 $2 ({Only move:} 51. Qb7 $18 Qg5 52. Qc8+ Ke7 53. b7 Qe3+ 54. Kb4 Qd2+ 55. Qc3 (55. Kc5 Qa5+ 56. Kc6 Qa6+ 57. Kc5 Qa5+ 58. Kc6 Qa6+ 59. Kc5 Qa5+ $11)) 51... Qc8+ $1 $11 {[%emt 0:00:09] The position is equal.} 52. Kd2 {[%emt 0:00:12] White wants to mate with b7. Active counter play!} Qc4 53. b7 Qb4+ 54. Ke2 Qc4+ 55. Ke3 Qc1+ 56. Kd3 $1 Qc4+ 57. Kd2 Qb4+ 58. Ke3 Qc3+ 59. Kf4 Qc1+ 60. Ke5 Qc7+ 61. Kf6 Qf4+ 62. Kg7 Qg5+ (62... Qg3+ 63. Kh8 f5 64. b8=Q+ Qxb8 65. Qxb8+ Kd7 66. Qb6 f4 67. Kg7) 63. Kh7 $1 Qf5+ 64. Kg7 Qg5+ {[%emt 0:00:08] What a bad dream for Black.  Weighted Error Value: White=0.29 (precise) /Black=0.12 (very precise)} 1/2-1/2

[Event "2nd Serbia Open Masters 2022"]
[Site "Novi Sad"]
[Date "2022.06.29"]
[Round "2.30"]
[White "Kushagra Mohan"]
[Black "Suleymenov, Alisher"]
[Result "1-0"]
[ECO "B30"]
[WhiteElo "2343"]
[BlackElo "2445"]
[Annotator "TA"]
[PlyCount "137"]
[EventDate "2022.06.28"]
[EventType "swiss"]
[EventCountry "SRB"]
[SourceTitle "playchess.com"]
[Source "ChessBase"]
[SourceQuality "1"]
[TimeControl "40/5400+30:900+30"]

1. e4 c5 2. Nc3 Nc6 3. Bb5 Nd4 4. Nf3 e6 5. O-O a6 6. Bd3 Nc6 {[%emt 0:00:07] B30: Sicilian: 2...Nc6 3 Bb5, lines without ...g6.} 7. Nd5 d6 8. Ne3 Nf6 {[%emt 0:00:28] The position is equal.} 9. c3 {[%emt 0:00:46] Against Nb4} Be7 10. Bc2 O-O {[%emt 0:02:41] [#]} 11. d4 $146 ({Predecessor:} 11. Re1 g6 12. d4 cxd4 13. cxd4 e5 14. d5 Nb4 15. Bb1 a5 16. a3 Na6 17. b4 axb4 18. axb4 {1-0 (47) Grieve,H (2282)-Muir,A (2259) Newcastle on Tyne 2021}) 11... cxd4 12. cxd4 d5 13. e5 Ne4 14. Re1 Bd7 15. Nf1 Rc8 16. Bxe4 dxe4 17. Rxe4 Nb4 18. Ng3 Bc6 19. Rg4 f5 20. exf6 $1 Bxf6 {[%emt 0:00:15][%cal Ob4c2] This bishop pair is nice.} 21. Be3 Qe8 (21... Nc2 $11 {keeps the balance.} 22. Rc1 (22. Qxc2 Bxf3 23. Qxc8 Qxc8 $17) 22... Nxe3 23. fxe3 Qa5) 22. Ne5 $16 Bd5 {[%emt 0:07:46] [#]} 23. a3 (23. Nh5 $1 $16) 23... Nc2 $11 24. Rc1 Nxe3 25. fxe3 Rxc1 26. Qxc1 h5 $1 27. Rf4 h4 28. Ne2 $36 {[%emt 0:00:00][%mdl 2048] White fights for an advantage.} Bxe5 (28... h3 $5) 29. dxe5 h3 30. e4 Bc6 31. gxh3 Qg6+ 32. Ng3 Rd8 ({Resist} 32... Rxf4 33. Qxf4 Qe8 34. Qd2 $16) 33. Qe3 Bb5 {[%emt 0:02:56] Prevents Rf1.} (33... Qh6 $11) 34. Rf2 $1 $14 Rd1+ 35. Kg2 Bc6 {[%emt 0:00:22] [#]} (35... Kh7 $142) 36. Qf3 ({Better is} 36. h4 $1 $16) 36... Rd4 37. Qg4 Bxe4+ 38. Kg1 Qxg4 39. hxg4 $11 {[%emt 0:00:00][%mdl 4096] Endgame KRB-KRN} Bc6 40. h3 Rd3 41. Kh2 Bb5 42. Nh5 Rd5 43. Rc2 {[%emt 0:01:30] Black must now prevent Rc7.} Bc6 $1 44. Re2 Bb5 45. Rc2 {[%emt 0:00:36] Hoping for Rc8+.} Bc6 $1 46. Nf4 Rxe5 47. Ng6 Rb5 48. Ne7+ Kf7 49. Nxc6 bxc6 {[%emt 0:00:02] KR-KR} 50. b4 a5 51. Rc5 Rb8 {[%emt 0:10:27][%mdl 8192] White now steadily converts the win.} (51... Rxc5 $11 {and Black is okay.} 52. bxc5 g5) 52. Rxa5 $18 (52. bxa5 Ra8 $16) 52... Rd8 53. Kg3 Rd3+ {[%emt 0:00:06] [#]} (53... e5 $142 54. h4 (54. Rxe5 Rd3+ 55. Kf4 Rxa3 $16) 54... Rd3+ 55. Kf2 Rd4) 54. Kf4 $1 Rxh3 55. Ke5 {[%emt 0:00:05] Strongly threatening Kd6.} Re3+ $2 (55... Rg3 56. Ra7+ Kg6 57. Kxe6 Rxg4) 56. Kd6 Rc3 57. g5 Kg6 (57... Re3 $142 58. Kxc6 e5) 58. Kxe6 $2 (58. Rc5 Rxa3 59. Kxc6) 58... Kh5 $2 (58... Rd3 $18 59. Ke5 Kh5) 59. Kd6 {[%emt 0:00:27] White mates.} g6 60. Rc5 Rxa3 61. Kxc6 Ra6+ 62. Kb7 Re6 63. b5 Re7+ 64. Ka6 Re8 65. b6 Ra8+ 66. Kb7 Rf8 67. Ka7 Rf1 68. b7 Ra1+ 69. Kb6 {[%emt 0:00:03] Weighted Error Value: White=0.17 (very precise) /Black=0.42} 1-0

[Event "2nd Serbia Open Masters 2022"]
[Site "Novi Sad"]
[Date "2022.06.29"]
[Round "2.31"]
[White "Rohith Krishna S"]
[Black "Arnaudov, G. Petar"]
[Result "0-1"]
[ECO "E16"]
[WhiteElo "2337"]
[BlackElo "2467"]
[Annotator "TA"]
[PlyCount "210"]
[EventDate "2022.06.28"]
[EventType "swiss"]
[EventCountry "SRB"]
[SourceTitle "playchess.com"]
[Source "ChessBase"]
[SourceQuality "1"]
[TimeControl "40/5400+30:900+30"]

1. d4 Nf6 2. c4 e6 3. Nf3 Bb4+ 4. Bd2 Qe7 5. Nc3 b6 6. g3 Bb7 7. Bg2 O-O 8. O-O Bxc3 9. Bxc3 Be4 {[%emt 0:00:09] [#] E16: Queen's Indian: 4 g3 Bb7 5 Bg2 Bb4+.} 10. e3 $146 ({Predecessor:} 10. Rc1 d6 11. b4 Nbd7 12. Qb3 c6 13. a4 a6 14. Bd2 Rfc8 15. Bf4 h6 16. Rfd1 Nh5 17. Be3 Nhf6 18. Bf4 Nh5 19. Be3 Nhf6 20. Bf4 Nh5 {½-½ (20) Wang,L (2383)-Antonio,R (2572) Olongapo City 2010}) 10... a5 11. Qe2 d6 {[%emt 0:00:56] The position is equal.} 12. Bh3 c5 13. Nd2 Bb7 14. Rad1 cxd4 15. exd4 d5 16. b3 a4 17. Rfe1 Rc8 18. Qd3 Nc6 19. Qb1 axb3 20. axb3 Qa3 21. Re3 Nb4 22. Bg2 Na2 23. Bb2 Qe7 24. h3 h6 25. f4 dxc4 26. Bxb7 Qxb7 27. bxc4 b5 $1 28. Rb3 Qd7 (28... b4 29. Qd3 $14) 29. cxb5 {[%emt 0:02:28] [#]} Rc3 $1 {[%emt 0:09:01][%mdl 64] Decoy} 30. Rxc3 (30. b6 Qxd4+) 30... Qxd4+ 31. Kg2 Nxc3 32. Bxc3 Qxc3 33. Qb3 Qc5 {[%emt 0:02:14] White must now prevent ...Ra3. Black is more active.} 34. Qc4 Qd6 35. Qc6 Qd8 36. b6 Ra2 37. b7 {[%emt 0:00:05] Threatens to win with Qc8.} Rxd2+ 38. Rxd2 Qxd2+ 39. Kf3 Qd3+ 40. Kg2 Qe2+ 41. Kg1 Qd1+ 42. Kg2 Qd2+ 43. Kf3 $1 Qd3+ 44. Kg2 $1 Nd7 45. Qxd7 {[%emt 0:00:09][%mdl 64] Remove Defender} Qxd7 46. b8=Q+ $17 {[%emt 0:00:07][%mdl 4096] Endgame KQ-KQ} Kh7 47. Qb1+ g6 48. Qb2 {[%emt 0:00:12] Prevents Qd2+.} Qd5+ 49. Kh2 g5 50. Qf6 Qd2+ 51. Kg1 Qe1+ 52. Kg2 Qe2+ 53. Kg1 Qe3+ 54. Kg2 Qe4+ $1 55. Kf2 Qg6 56. Qd4 (56. Qe5 $17 {only move.}) 56... gxf4 $2 (56... Qf5 $19 57. h4 gxh4 58. gxh4 e5) 57. gxf4 h5 58. Qd8 Kg7 {[%emt 0:00:32] And now ...Qf6 would win.} 59. Kf3 $2 (59. Qd4+ $15 Qf6 60. Qe3) 59... Qf5 $2 (59... Qg1 $1 $19 {[%cal Rg1h1] has better winning chances. Strongly threatening ...Qh1+.} 60. Qh4 f6) 60. Kg3 Qf6 {[%emt 0:00:11] Prevents Qd4.} 61. Qa5 Kg6 62. Qc5 {[%emt 0:07:07] Inhibits e5.} Kh6 63. Kf3 Qg7 64. Qe7 $2 (64. Qe3 $15) 64... Qc3+ $19 65. Kf2 Qd2+ (65... Qxh3 66. Qf6+ Kh7 67. Qxf7+ Kh8 68. Qf8+ Kh7 69. Qf7+ Kh8 70. Qf8+ Kh7 71. Qf7+ $11) 66. Kf3 Qd3+ 67. Kf2 Qf5 $2 {[%emt 0:00:38] Inhibits Qf6+.} ({Worse is} 67... Qxh3 68. Qf6+ Kh7 69. Qxf7+ Kh8 70. Qf8+ Kh7 71. Qf7+ Kh8 72. Qf8+ Kh7 73. Qf7+ $11) (67... Qd4+ $1 $19 68. Kf3 Qd5+ 69. Kg3 Kg6) 68. Kg3 $17 Kg6 69. Qd8 Qf6 70. Qa5 $2 (70. Qd3+ $17 Kh6 71. Qe3) 70... Qe7 $2 (70... e5 $1 $19 71. fxe5 h4+ 72. Kg2 Qg5+ 73. Kf3 Qg3+ 74. Ke2 Qxh3 75. Qb6+ Qe6 76. Qb1+ Kg5 77. Qc1+ Kh5) 71. Qa8 $15 f6 72. Qc8 ({Better is} 72. Qf3 $15) 72... e5 (72... Qa3+ $17 73. Kh4 Qe3 74. Qe8+ Kf5 75. Qxh5+ Kxf4 76. Qg4+ (76. Qh6+ $2 Kf3 $19) 76... Ke5) 73. Qg8+ $11 Kf5 74. Qc8+ Qe6 75. Qc2+ $1 e4 76. Qc5+ Kg6 77. Kh4 $1 Qf5 78. Qg1+ Kh6 79. Qe3 Qg6 {[%emt 0:03:45] aiming for ...Qg2.} 80. Qc5 Qf7 81. Qf5 Qg6 (81... e3 $5 82. Qe4 Qa7 $11) 82. Qc5 Qe8 {[%emt 0:01:36] ...e3 is the strong threat.} 83. Qd6 Kg7 {[%emt 0:00:48] Hoping for ...e3.} 84. Qc7+ Qf7 85. Qc3 Qd7 (85... Qe7 {feels hotter.} 86. Qg3+ Kf7 87. f5 Qe5) 86. Qg3+ $2 {[%emt 0:00:46][%mdl 8192] Black keeps a firm grip on the game.} (86. Qc5 $11 {and White stays safe.}) 86... Kf7 $1 $19 87. Kxh5 $2 {[%emt 0:01:08] [#]} (87. Qg1 {keeps fighting.}) 87... Qf5+ $1 88. Kh6 e3 $1 89. Qg7+ Ke6 90. Qg8+ {[%emt 0:00:04] [#]} Ke7 (90... Kd7 $142 $1 91. Qc4 Qxh3+ 92. Kg6 Qg2+ 93. Kh5 Kd6 94. Qa6+ (94. Qb4+ $2 Ke6 $19) 94... Qc6) 91. Qg7+ $2 (91. Qc4 Qxh3+ 92. Kg6) 91... Kd6 92. Qg3 Qe4 93. Kg7 f5 {[%emt 0:01:10] ( -> ...e2)} 94. h4 e2 95. Qe1 Ke6 {[%emt 0:00:25] Black mates.} 96. h5 Qd4+ 97. Kg6 Qf6+ 98. Kh7 Kf7 99. Qg1 e1=Q 100. Qg6+ Qxg6+ 101. hxg6+ Kf6 102. g7 Qh4+ 103. Kg8 Qxf4 104. Kh8 Qh6+ 105. Kg8 Qxg7# {[%emt 0:00:00] Weighted Error Value: White=0.21 (precise) /Black=0.26 (precise)} 0-1